 Dungeon Crawl Stone Soup version 0.30-a0-4-ga7cffc901d (webtiles) character file.

Game seed: 18347530059136174198

126 siradein the Trooper (level 5, -5/47 HPs)
             Began as a Hill Orc Fighter on Aug 21, 2022.
             Slain by an ogre
             ... wielding a +0 giant club
              (17 damage)
             ... on level 3 of the Dungeon.
             The game lasted 00:02:35 (2188 turns).

siradein the Trooper (Hill Orc Fighter)             Turns: 2188, Time: 00:02:35

Health: -5/47      AC:  8    Str: 19    XL:     5   Next: 9%
Magic:  5/5        EV: 13    Int: 10    God:
Gold:   143        SH:  4    Dex: 10    Spells: 4/4 levels left

rFire   . . .      SeeInvis .    a - +0 war axe
rCold   . . .      Faith    .    c - +0 buckler
rNeg    . . .      Spirit   .    b - +0 scale mail
rPois   +          Reflect  .    p - +0 helmet
rElec   .          Harm     .    (no cloak)
rCorr   .          Rampage  .    (no gloves)
Will    .....                    (no boots)
Stlth   ..........               (no amulet)
HPRegen 0.15/turn                h - ring of poison resistance
MPRegen 0.09/turn                m - +4 ring of evasion

@: no status effects
A: no striking features
a: no special abilities


You were on level 3 of the Dungeon.
You visited 1 branch of the dungeon, and saw 3 of its levels.

You collected 143 gold pieces.

Inventory:

Hand Weapons
 a - a +0 war axe (weapon)
Armour
 b - a +0 scale mail (worn)
 c - a +0 buckler (worn)
 p - a +0 helmet (worn)
Jewellery
 h - a ring of poison resistance (left hand)
 m - a +4 ring of evasion (right hand)
Scrolls
 g - 2 scrolls of teleportation {unknown}
 j - a scroll of butterflies {unknown}
 k - a scroll of noise {unknown}
 l - a scroll of identify {unknown}
 o - a scroll of enchant weapon {unknown}
Potions
 d - 3 potions of might
 e - 2 potions of curing
 f - a potion of heal wounds {unknown}
 i - a potion of haste {unknown}
 n - a potion of cancellation {unknown}


   Skills:
 + Level 4.5 Fighting
 + Level 4.1 Axes
 + Level 4.1 Armour
 + Level 4.2 Shields


You had 4 spell levels left.
You didn't know any spells.
Your spell library contained the following spells:

 Spells                   Type           Power      Damage    Failure   Level
 Ensorcelled Hibernation  Hex/Ice        0%         N/A       91%         2
 Passwall                 Tmut/Erth      0%         N/A       91%         2
 Swiftness                Air            0%         N/A       99%         3


Dungeon Overview and Level Annotations

Branches:
Dungeon (3/15)

Altars:

Annotations:
D:3 1 runed translucent door, Crazy Yiuf


Message History

You hit Robin.
Robin is almost dead.
Robin hits you with a +0 short sword.
You hit Robin.
You kill Robin!
You have reached level 5!
You feel stronger.
Things that are here:
a +0 short sword; a +0 animal skin; a +0 helmet You start putting on your armour.
You continue putting on your +0 helmet. x4
You finish putting on your +0 helmet.
You now have 143 gold pieces (gained 6).
Found a stone staircase leading up.
A goblin comes into view. It is wielding a +0 dagger.
The goblin shouts!
You hear a shout!
The goblin moves out of view.
An ogre comes into view. It is wielding a +0 giant club.
You barely miss the goblin. The goblin barely misses you.
You barely miss the goblin. The goblin hits you with a +0 dagger.
You completely miss the goblin. The goblin hits you but does no damage.
The goblin hits you with a +0 dagger.
You slash the ogre!
The ogre is heavily wounded.
You closely miss the goblin. The ogre closely misses you.
The goblin completely misses you. The ogre attacks as you move away!
You block the ogre's attack. The goblin attacks as you move away!
The goblin misses you.
You slash the goblin!
You kill the goblin!
The ogre hits you with a +0 giant club!!
Ouch! That really hurt!
* * * LOW HITPOINT WARNING * * *
Items here: $ ) ? †.
You hit the ogre.
The ogre is heavily wounded.
The ogre misses you.
You hit the ogre.
The ogre is severely wounded.
The ogre hits you with a +0 giant club!
You die...

#.#.# # #.# .# #.#.#####.#
#.###.### ##.#.#......
......#.#
##.#.....#######.......
###.###............#...#
#..........#### #.#..##...
#.#.#.......# #.......#
....#.#....#######..#.#.#.#
#.###.#.........@O..# #
#..<..#############.#
####### #.# ..# .## . #.


You could see an ogre.

Vanquished Creatures
  Terence (D:2)
  Robin (D:3)
  An adder (D:2)
  2 worms (D:2)
  2 dart slugs (D:1)
  8 ball pythons
  6 endoplasms
  4 giant cockroaches
  10 hobgoblins
  8 kobolds
  4 bats
  3 frilled lizards
  13 goblins
  3 rats
66 creatures vanquished.

Notes
Turn   | Place    | Note
-------+----------+-------------------------------------------
     0 | D:1      | siradein the Hill Orc Fighter began the quest for the Orb.
     0 | D:1      | Reached XP level 1. HP: 19/19 MP: 1/1
   108 | D:1      | Reached XP level 2. HP: 26/27 MP: 2/2
   512 | D:1      | Reached XP level 3. HP: 28/33 MP: 3/3
  1365 | D:2      | Noticed Terence
  1374 | D:2      | Killed Terence
  1375 | D:2      | Reached XP level 4. HP: 40/40 MP: 4/4
  1557 | D:2      | Found the +8 trident of the Octopus King {venom, rElec
                  | rPois}
  1646 | D:2      | Found a faded altar of an unknown god.
  1946 | D:3      | Found a runed translucent door.
  1947 | D:3      | Noticed Crazy Yiuf
  2038 | D:3      | Noticed Robin
  2124 | D:3      | Killed Robin
  2125 | D:3      | Reached XP level 5. HP: 45/47 MP: 5/5
  2175 | D:3      | Noticed an ogre
  2188 | D:3      | Slain by an ogre

Illustrated notes

Levels and vault maps discovered:
D:1:      noname_arrival_rooms_in_the_neighbourhood, layout_loops_corners,
          st_stairs_9, minmay_tripent
D:2:      layout_basic, chequers_ecumenical_altar_island, serial_park_tiny_2,
          uniq_terence
D:3:      layout_loops_ring, vehumet_altar_wand_db, minmay_misc_feat_tiny,
          uniq_crazy_yiuf_cottage, uniq_robin

Skill      XL: |  1  2  3  4 |
---------------+-------------+-----
Axes           | 3 4 |  4.1
Fighting       | 4 |  4.5
Shields        | 4 |  4.2
Armour         | 4 |  4.1

Action                   |  1- 3 |  4- 6 || total
-------------------------+-------+-------++-------
Melee: War axe           |    94 |   104 ||   198
Armor: Scale mail        |    50 |    42 ||    92
Dodge: Dodged            |    42 |    58 ||   100
Block: Buckler           |    25 |    17 ||    42

Table legend: (Time is in decaauts)
 A = Elapsed time spent in this place.
 B = Non-inter-level travel time spent in this place.
 C = Inter-level travel time spent in this place.
 D = Time resting spent in this place.
 E = Time spent auto-exploring this place.
 F = Levels seen in this place.
 G = Mean time per level.
                   A        B        C        D        E       F      G
               +--------+--------+--------+--------+--------+-----+--------+
         Total |   2260 |   2172 |     88 |      0 |   1700 |   3 |  753.3 |
       Dungeon |   2260 |   2172 |     88 |      0 |   1700 |   3 |  753.3 |
               +--------+--------+--------+--------+--------+-----+--------+

Top non-repeatable levels by time:
     D:1: 1213 daAuts
     D:2: 714 daAuts
     D:3: 332 daAuts
